 Dungeon Crawl Stone Soup version 0.30-b1-2-g02819fbbbe (webtiles) character file.

Game seed: 4992825164598464065

663 Arcadio the Covered (level 7, -5/65 HPs)
             Began as an Armataur Fighter on May 6, 2023.
             Was a Follower of Okawaru.
             Slain by Duvessa
             ... wielding a +0 short sword
              (12 damage)
             ... on level 5 of the Dungeon.
             The game lasted 00:09:26 (3881 turns).

Arcadio the Covered (Armataur Fighter)              Turns: 3881, Time: 00:09:27

Health: -5/65      AC:  7    Str: 23    XL:     7   Next: 31%
Magic:  7/7        EV:  7    Int:  8    God:    Okawaru [*.....]
Gold:   275        SH:  0    Dex: 10    Spells: 6/6 levels left

rFire   . . .        h - +1 quarterstaff (spect)
rCold   . . .        (shield currently unavailable)
rNeg    . . .        b - +0 scale mail
rPois   .            (no helmet)
rElec   .            (no cloak)
rCorr   .            (no gloves)
SInv    .            (no barding)
Will    .....        (no amulet) Stlth
                     (no ring)
HPRegen 0.30/turn    (no ring)
MPRegen 0.10/turn

%: roll
@: mighty, marked
A: large, rugged brown scales 3, deformed body, armoured tail, roll, long
tongue, awkward tongue
a: Renounce Religion, Heroism


You were on level 5 of the Dungeon.
You worshipped Okawaru.
Okawaru was aware of your devotion.
You visited 2 branches of the dungeon, and saw 6 of its levels.
You also visited: Sewer.

You collected 275 gold pieces.

Inventory:

Hand Weapons
 a - a +0 long sword
 e - a +2 dagger of electrocution
 h - a +1 spectral quarterstaff (weapon)
Missiles
 k - 3 throwing nets (quivered)
Armour
 b - a +0 scale mail (worn)
 c - a +0 buckler
 o - a scarf of shadows
 v - a +2 leather armour of cold resistance
Magical Staves
 n - a staff of fire
Wands
 y - a wand of digging (7)
 A - a wand of mindburst (14)
 D - a wand of flame (17)
Scrolls
 f - a scroll of noise
 l - 4 scrolls of teleportation
 m - a scroll of butterflies
 r - a scroll of identify
 s - a scroll of blinking {unknown}
 t - a scroll of immolation {unknown}
 x - a scroll of vulnerability {unknown}
 z - a scroll of silence {unknown}
 C - 2 scrolls of enchant armour {unknown}
Potions
 g - 2 potions of ambrosia
 i - 2 potions of degeneration {unknown}
 j - 6 potions of curing {unknown}
 p - 4 potions of flight
 q - a potion of lignification {unknown}
 u - a potion of brilliance {unknown}
 w - a potion of experience {unknown}
 B - a potion of magic {unknown}


   Skills:
 + Level 5.0 Fighting
 - Level 2.2 Long Blades
 + Level 3.6 Staves
 + Level 6.6 Armour
 - Level 3.2 Shields


You had 6 spell levels left.
You didn't know any spells.
Your spell library contained the following spells:

 Spells                   Type           Power      Damage    Failure   Level
 Necrotise                Necr           0%         1d4       69%         1
 Cigotuvi's Dreadful Rot  Necr/Pois/Air  0%         N/A       83%         2
 Lesser Beckoning         Tloc           0%         N/A       83%         2
 Gell's Gravitas          Tloc           0%         N/A       96%         3
 Ignite Poison            Fire/Tmut/Pois 0%         N/A       96%         3
 Teleport Other           Tloc           0%         N/A       96%         3
 Vampiric Draining        Necr           0%         2d6       96%         3
 Agony                    Necr           0%         N/A       100%        5
 Freezing Cloud           Conj/Ice/Air   0%         6-21      100%        5


Dungeon Overview and Level Annotations

Branches:
Dungeon (5/15) Zot: 26580  Temple (1/1) D:4 Zot: 5955   Sewer (visited)

Altars:
Cheibriados
Dithmenos
Elyvilon
Fedhas
Gozag
Hepliaklqana
Kikubaaqudgha
Makhleb
Okawaru
Qazlal
Ru
Sif Muna
Uskayaw
Vehumet
Wu Jian
Xom
The Shining One

Annotations:
D:5 Duvessa


Innate Abilities, Weirdness & Mutations

You are completely covered in rugged brown scales. (AC +3, +7% HP)
Armour fits poorly on your strangely shaped body.
You have a long armoured tail.
You roll when moving toward enemies. (Rampage)
Your long tongue fully drains potion bottles. (2x potion effects)
Your tongue gives you trouble enunciating. (1.5x scroll delay)


Message History

The iguana bites you but does no damage.
Duvessa rages.
You hit the iguana but do no damage.
Your +1 spectral quarterstaff hits the iguana.
The iguana bites you.
Duvessa rages.
The iguana bites you!
You hit the iguana but do no damage.
The iguana is moderately wounded.
Your +1 spectral quarterstaff hits the iguana.
A quokka comes into view.
The iguana misses your +1 spectral quarterstaff.
You hit the iguana.
The iguana is severely wounded.
Your +1 spectral quarterstaff barely misses the iguana.
An adder comes into view.
Duvessa hits you with a +0 short sword! The iguana barely misses you.
You hit Duvessa.
Duvessa is lightly wounded.
Your +1 spectral quarterstaff hits Duvessa but does no damage.
Duvessa hits your +1 spectral quarterstaff with a +0 short sword!
Your spectral weapon shares its damage with you!
The quokka bites your +1 spectral quarterstaff but does no damage.
The iguana bites you.
Duvessa closely misses your +1 spectral quarterstaff.
You feel very mighty all of a sudden.
You slurp down every last drop of the potion of might!
Your +1 spectral quarterstaff disappears.
Duvessa hits you with a +0 short sword! The iguana closely misses you.
The adder bites you but does no damage.
You closely miss Duvessa. You tail-slap Duvessa!
Duvessa is lightly wounded.
Your +1 spectral quarterstaff hits Duvessa.
The quokka barely misses you. Duvessa hits you with a +0 short sword!
The iguana bites you!
* * * LOW HITPOINT WARNING * * *
The adder bites you but does no damage.
The quokka bites you but does no damage.
Duvessa hits you with a +0 short sword!
You die...

.............. ####........###..
#......# #..... ###........#...#
#.....###...... ..........#....#
.......#.#.....##.#........#..###
.................# ###..e......##
.............#...###.............
#.............##.##..........####
##.....####..##.(#....#......#.##
......##.....#..@e...##.........#
.......#..####.Slr..###..........
...[.....##.......### ###........
.................## ##......#
.....^............# #.......#
....##.............# .........
.....#.............. .........
.....##.###.##...... ........#
......†.# #..#...... ...?.##..


You could see Duvessa (berserk), an iguana, an adder, a quokka and a friendly +1
spectral quarterstaff.

Vanquished Creatures
  A kobold brigand (D:4)
  A scorpion (D:5)
  Dowan (D:5)
  2 orc priests (D:5)
  An iguana (D:5)
  4 orc wizards
  A sickly merfolk siren (Sewer)
  A malarious merfolk avatar (Sewer)
  3 river rats (Sewer)
  9 adders
  An ufetubus (D:5)
  3 worms
  4 dart slugs
  10 orcs
  13 ball pythons
  7 bats
  9 endoplasms
  5 giant cockroaches
  5 goblins
  2 hobgoblins
  5 jackals
  8 quokkas
  6 frilled lizards
  10 kobolds
  21 rats
133 creatures vanquished.

Notes
Turn   | Place    | Note
-------+----------+-------------------------------------------
     0 | D:1      | Arcadio the Armataur Fighter began the quest for the Orb.
     0 | D:1      | Reached XP level 1. HP: 19/19 MP: 1/1
   140 | D:1      | Reached XP level 2. HP: 26/26 MP: 2/2
   334 | D:1      | Reached skill level 4 in Armour
   498 | D:1      | You fall into a shaft and drop 1 floor!
   524 | D:2      | Reached XP level 3. HP: 28/33 MP: 3/3
   768 | D:2      | Reached skill level 1 in Staves
   803 | D:2      | Reached XP level 4. HP: 40/40 MP: 4/4
  1297 | D:3      | Found a glowing drain.
  1308 | Sewer    | Entered a sewer
  1419 | Sewer    | Reached skill level 5 in Armour
  1419 | Sewer    | Reached XP level 5. HP: 35/49 MP: 5/5
  2005 | D:3      | Found a shimmering blue altar of Sif Muna.
  2014 | D:3      | Found an ancient bone altar of Kikubaaqudgha.
  2017 | D:3      | Reached XP level 6. HP: 55/55 MP: 6/6
  2022 | D:3      | Found a radiant altar of Vehumet.
  2488 | D:3      | Found an iron altar of Okawaru.
  2489 | D:3      | Found a shadowy altar of Dithmenos.
  2497 | D:3      | Became a worshipper of Warmaster Okawaru
  2900 | D:4      | Noticed an air elemental
  2902 | D:4      | Found a stormy altar of Qazlal.
  2904 | D:4      | Noticed a fire elemental
  2904 | D:4      | Noticed a water elemental
  3297 | D:4      | Found a staircase to the Ecumenical Temple.
  3305 | Temple   | Entered the Ecumenical Temple
  3393 | D:4      | Reached skill level 6 in Armour
  3512 | D:5      | Entered Level 5 of the Dungeon
  3623 | D:5      | Reached XP level 7. HP: 33/64 MP: 7/7
  3841 | D:5      | Noticed Dowan
  3873 | D:5      | Killed Dowan
  3874 | D:5      | Reached * piety under Okawaru
  3875 | D:5      | Reached skill level 5 in Fighting
  3875 | D:5      | Noticed Duvessa
  3881 | D:5      | Slain by Duvessa

Illustrated notes

Levels and vault maps discovered:
D:1:      minmay_arrival_three_doors, layout_basic
D:2:      layout_loops_ring
D:3:      layout_loops_ring, palyth_temple_overflow_mages,
          grunt_temple_overflow_open, portal_sewer_entry_f,
          minmay_misc_feat_more_columns, nicolae_concentric_dashed_squares_mild,
          chequers_mini_garden
D:4:      layout_gridville, nicolae_qazlal_style_of_elements,
          minmay_temple_entry_mist, minmay_liquid_box, hangedman_decor_growths
D:5:      layout_cave_pools, uniq_duvessa
Temple:   hellmonk_temple_of_storms

Skill      XL: |  1  2  3  4  5  6  7 |
---------------+----------------------+-----
Long Blades    | 2 |  2.2
Fighting       | 3 4 5 |  5.0
Armour         | 4 5 6 |  6.6
Staves         | 1 2 3 |  3.6
Shields        | |  3.2

Action                     |  1- 3 |  4- 6 |  7- 9 || total
---------------------------+-------+-------+-------++-------
  Melee: Long sword        |    64 |       |       ||    64
         Quarterstaff      |    36 |   184 |    15 ||   235
         Tailslap          |     5 |    17 |     6 ||    28
    Use: Scroll            |       |     4 |       ||     4
         Potion            |       |       |     1 ||     1
   Stab: Distracted        |       |     1 |       ||     1
 Armour: Scale mail        |    60 |    73 |     8 ||   141
  Dodge: Dodged            |    41 |    61 |     7 ||   109
  Block: Buckler           |    15 |       |       ||    15
